[Event "*** Titled Tuesday Blitz"]
[Site "Chess.com"]
[Date "2021.02.02"]
[Round "3"]
[White "elchiricr"]
[Black "Zq1"]
[Result "1/2-1/2"]
[WhiteElo "2334"]
[BlackElo "2513"]
[TimeControl "180+1"]
[EndTime "10:30:08 PST"]
[Termination "Game drawn by repetition"]

1. d4 Nf6 2. c4 a6 3. Nc3 c5 4. d5 b5 5. cxb5 axb5 6. Nxb5 Qa5+ 7. Nc3 Bb7 8. d6 Ne4 9. Bd2 Nxd2 10. Qxd2 exd6 11.
e4 Be7 12. Nf3 Bf6 13. Bd3 Bxc3 14. bxc3 Nc6 15. O-O Ne5 16. Nxe5 dxe5 17. Rfe1 O-O 18. Bc4 Bc6 19. Bd5 Bxd5 20. Qxd5 Qxc3 21. Rac1 Qd4 22.
Rxc5 Qxd5 23. Rxd5 Rxa2 24. Rxe5 Rb8 25. g3 g6 26. Re3 Rb6 27. Rd5 Rf6 28. f4 Rb6 29. Rd1 Rbb2 30. h4 h5 31. f5 Rg2+ 32. Kh1 gxf5 33.
exf5 Rgf2 34. Kg1 Rg2+ 35. Kh1 Rh2+ 36. Kg1 Rhg2+ 37. Kh1 1/2-1/2

[Event "*** Titled Tuesday Blitz"]
[Site "Chess.com"]
[Date "2021.02.02"]
[Round "3"]
[White "Eloist"]
[Black "Gerodot71"]
[Result "1-0"]
[WhiteElo "2346"]
[BlackElo "2461"]
[TimeControl "180+1"]
[EndTime "10:30:08 PST"]
[Termination "Eloist won by resignation"]

1. e4 e5 2. Bc4 Nf6 3. d3 Nc6 4.
Nf3 Bc5 5. c3 d6 6. O-O a6 7. Bb3 Ba7 8. Nbd2 h6 9. Re1 O-O 10.
Nf1 Be6 11. Ng3 Ne7 12. Bc2 Ng6 13. d4 Qc8 14. h3 Re8 15. Be3 Rd8 16. Qd2 Qd7 17.
d5 Bxe3 18. fxe3 Bxh3 19. gxh3 Qxh3 20. Qg2 Qd7 21. Nf5 Qb5 22. b3 Nh7 23. c4 Qd7 24. Bd3 b5 25. Rac1 b4 26. c5 Nhf8 27. cxd6 cxd6 28.
Rc6 Rdc8 29. Rec1 Rxc6 30. Rxc6 Rc8 31. Qc2 Rd8 32. Rxd6 Qe8 33. Qc6 Qxc6 34. dxc6 Rc8 35. Bxa6 Rc7 36. Bc4 Kh7 37. Bd5 Nh8 38. Rd8 Ne6 39.
Rd7 1-0

[Event "*** Titled Tuesday Blitz"]
[Site "Chess.com"]
[Date "2021.02.02"]
[Round "3"]
[White "Moon_stone123"]
[Black "VladimirPotkin"]
[Result "1-0"]
[WhiteElo "2442"]
[BlackElo "2633"]
[TimeControl "180+1"]
[EndTime "10:30:11 PST"]
[Termination "Moon_stone123 won by resignation"]

1. Nf3 d5 2. g3 Nf6 3. Bg2 c6 4. c4 dxc4 5. Na3 Be6 6. Ng5 Bd5 7. e4 h6 8. exd5 hxg5 9. dxc6 Nxc6 10. Nxc4 e6 11.
Qa4 Qd7 12. Nb6 axb6 13. Qxa8+ Nd8 14. O-O Bc5 15. d4 Bxd4 16. Bxg5 O-O 17. Rad1 e5 18.
Bxf6 gxf6 19. Qa3 Ne6 20. Bh3 Kg7 21. Qf3 Rh8 22. Bf5 Qd6 23. Qg4+ Kf8 24. Kg2 Nc5 25.
h4 Qd5+ 26. Qf3 e4 27. Qf4 e3+ 28. Qf3 Qe5 29. fxe3 Bxe3 30. Rfe1 Qxb2+ 31. Re2 1-0

[Event "*** Titled Tuesday Blitz"]
[Site "Chess.com"]
[Date "2021.02.02"]
[Round "3"]
[White "beto-betun"]
[Black "Fluke180"]
[Result "0-1"]
[WhiteElo "2181"]
[BlackElo "2369"]
[TimeControl "180+1"]
[EndTime "10:30:14 PST"]
[Termination "Fluke180 won on time"]

1. d4 c6 2. Nf3 d5 3. g3 Bg4 4.
Bg2 Bxf3 5. Bxf3 Nd7 6. O-O Ngf6 7. c4 Nb6 8. b3 e6 9. Bb2 dxc4 10. bxc4 Nxc4 11. Bc3 Be7 12. Qb3 Nd6 13. Nd2 O-O 14. Rfd1 Rc8 15. Rab1 b6 16. a4 c5 17. dxc5 Rxc5 18.
Bb4 Rc7 19. e4 Nb7 20. Nc4 Qc8 21. Bxe7 Rxe7 22. Nd6 Nxd6 23. Rxd6 Rd8 24. Rbd1 Red7 25. e5 Ne8 26. Rxd7 Rxd7 27. Rxd7 Qxd7 28. Qc3 Nc7 29. Kg2 g6 30. h4 h5 31. Qb4 Nd5 32. Qb3 Ne7 33. Qb4 Nf5 34. a5 Qc7 35.
axb6 axb6 36. Qb5 Qc5 37. Qe8+ Kg7 38. Be4 Qxe5 0-1

[Event "*** Titled Tuesday Blitz"]
[Site "Chess.com"]
[Date "2021.02.02"]
[Round "3"]
[White "LisikValera"]
[Black "C_K_G"]
[Result "1-0"]
[WhiteElo "2478"]
[BlackElo "2104"]
[TimeControl "180+1"]
[EndTime "10:30:15 PST"]
[Termination "LisikValera won on time"]

1. d4 d5 2. Bf4 e6 3. e3 Nf6 4. Nd2 Bd6 5. Bg3 c5 6. c3 Nc6 7. f4 c4 8. Ngf3 O-O 9. Bh4 h6 10. Ne5 Be7 11. Be2 Qc7 12. O-O b5 13. a3 Bb7 14. g4 a5 15. Qe1 Ne4 16. Nxe4 dxe4 17. Bxe7 Qxe7 18. Qg3 Nxe5 19. fxe5 f6 20. exf6 Rxf6 21.
Rxf6 Qxf6 22. Rf1 Qe7 23. Qe5 Bd5 24. g5 Qxg5+ 25. Qxg5 hxg5 26. Kg2 b4 27. Kg3 bxc3 28. bxc3 Rb8 29. Kg4 Rb2 30. Rf2 Rc2 31. Kxg5 Rxc3 32. Bh5 Rb3 33. Bf7+ Kh8 34. Rf4 g6 35. Kxg6 1-0

[Event "*** Titled Tuesday Blitz"]
[Site "Chess.com"]
[Date "2021.02.02"]
[Round "3"]
[White "Nachsueb"]
[Black "Smile2005"]
[Result "1/2-1/2"]
[WhiteElo "2173"]
[BlackElo "2349"]
[TimeControl "180+1"]
[EndTime "10:30:17 PST"]
[Termination "Game drawn by agreement"]

1. d4 Nf6 2. c4 g6 3. Nc3 Bg7 4. e4 O-O 5. f4 d6 6. Nf3 c5 7. d5 e6 8. dxe6 Bxe6 9. Bd3 Nc6 10.
O-O Re8 11. f5 Bc8 12. Bg5 h6 13. Be3 Ne5 14. fxg6 fxg6 15. Qd2 Nfg4 16. Bf4 Nxf3+ 17. Rxf3 Be6 18. Nd5 Bxd5 19. exd5 Qf6 20. h3 Ne5 21. Bxe5 Qxe5 22. Bxg6 Rf8 23. Raf1 Qxb2 24. Bf7+ Kh8 25.
Qd3 Qd4+ 26. Qxd4 Bxd4+ 27. Kh1 Be5 28. g4 Kg7 29. Be6 Rxf3 30. Rxf3 Rf8 31. Kg2 Rxf3 32. Kxf3 Kf6 33. Ke4 Bg3 34. Kf3 Bh4 35. Ke4 Bg5 36. Bc8 b6 37. Be6 Bc1 38. Bc8 Bd2 39. Be6 Kg5 40. Kf3 Kh4 41. Kg2 Bc3 42. a4 Bf6 43.
Bd7 Bd8 44. Be6 a6 45. Bd7 Kg5 46. Kf3 Bf6 47. Be8 Bc3 48. Bd7 Kf6 49. Ke4 Be1 50. Bc6 Bc3 51. Bb7 a5 52. Bc6 1/2-1/2

[Event "*** Titled Tuesday Blitz"]
[Site "Chess.com"]
[Date "2021.02.02"]
[Round "3"]
[White "paulrusan"]
[Black "xberli"]
[Result "0-1"]
[WhiteElo "2256"]
[BlackElo "2500"]
[TimeControl "180+1"]
[EndTime "10:30:18 PST"]
[Termination "xberli won by resignation"]

1. e4 e5 2. Nf3 Nc6 3. Bc4 Nf6 4. d3 Be7 5. O-O O-O 6. a4 h6 7. h3 Kh8 8. Re1 Nh7 9. Nc3 d6 10. Nd5 Be6 11. a5 a6 12. c3 f5 13. Bd2 fxe4 14. dxe4 Ng5 15. Nh4 Nxh3+ 16. gxh3 Bxh4 17. Be3 Qe8 18. Bf1 Qg6+ 19. Kh1 Bxf2 20. Bg2 Qg3 21. Bxf2 Rxf2 22.
Rg1 Bxh3 23. Ne3 Qxe3 24. Qh5 Bxg2+ 25. Rxg2 Rxg2 26. Kxg2 Qxe4+ 27. Qf3 Qxf3+ 28. Kxf3 Rf8+ 29. Ke4 Ne7 30. Ra3 Rf4+ 31. Ke3 h5 32. Rb3 b6 33. axb6 cxb6 34. Ke2 b5 35. Ra3 h4 36. Rxa6 h3 37. Rxd6 h2 38. Rd1 Nf5 0-1

[Event "*** Titled Tuesday Blitz"]
[Site "Chess.com"]
[Date "2021.02.02"]
[Round "3"]
[White "MF1966Idrisov"]
[Black "Artyom_ChessMate"]
[Result "1-0"]
[WhiteElo "2393"]
[BlackElo "2548"]
[TimeControl "180+1"]
[EndTime "10:30:19 PST"]
[Termination "MF1966Idrisov won by resignation"]

1. Nf3 d5 2. b3 Bf5 3. Bb2 e6 4. e3 c6 5. d4 Nf6 6. Bd3 Bxd3 7. cxd3 Be7 8. O-O O-O 9. Nbd2 Nbd7 10. Ne5 c5 11. f4 cxd4 12. Bxd4 Rc8 13. Rc1 Qa5 14. a4 Bc5 15. Nxd7 Bxd4 16. Nxf8 Bxe3+ 17. Kh1 Rxf8 18. Rc2 Qb4 19. f5 Ng4 20. fxe6 Nf2+ 21. Rxf2 Bxf2 22. exf7+ Kh8 23. Rc7 Bb6 24. Rd7 Qd4 25. Nf3 Qe3 26.
Qe1 Qxd3 27. Re7 h6 28. Re8 Bc5 29. Rxf8+ Bxf8 30. Qe8 1-0

[Event "*** Titled Tuesday Blitz"]
[Site "Chess.com"]
[Date "2021.02.02"]
[Round "3"]
[White "Snowflake"]
[Black "ChessWarrior3"]
[Result "1/2-1/2"]
[WhiteElo "2334"]
[BlackElo "2116"]
[TimeControl "180+1"]
[EndTime "10:30:19 PST"]
[Termination "Game drawn by stalemate"]

1. e4 c5 2. Nc3 d6 3. f4 Nc6 4. Nf3 Nf6 5. Bb5 a6 6. Bxc6+ bxc6 7. d3 g6 8. O-O Bg7 9. Qe1 O-O 10. Qh4 Qb6 11. Kh1 c4 12. dxc4 Ng4 13. h3 Nf6 14.
f5 Qb4 15. Bh6 Qxb2 16. Ng5 Qxc3 17. fxg6 fxg6 18. Bxg7 Kxg7 19. Rxf6 Qxa1+ 20. Kh2 Qe5+ 21. g3 Qxg5 22. Qxg5 Rxf6 23. e5 dxe5 24. Qxe5 Be6 25. g4 h6 26. h4 Kf7 27. g5 hxg5 28. hxg5 Rf5 29. Qc3 Rxg5 30. Qf3+ Bf5 31. Qc3 Rg4 32. Qe5 Rg8 33. Qc3 Rg7 34. Qh3 Kg8 35. c5 Rh7 36.
Qxh7+ Kxh7 37. a4 Rxa4 38. Kg3 Rc4 39. c3 Rxc3+ 40. Kf4 Rc2 41. Ke5 a5 42. Kd4 a4 43.
Ke5 a3 44. Kf4 a2 45. Ke5 a1=Q+ 46. Kf4 Qd4+ 47. Kg5 Rc3 1/2-1/2

[Event "*** Titled Tuesday Blitz"]
[Site "Chess.com"]
[Date "2021.02.02"]
[Round "3"]
[White "MattyDPerrine"]
[Black "RobertoJBM"]
[Result "0-1"]
[WhiteElo "2453"]
[BlackElo "2792"]
[TimeControl "180+1"]
[EndTime "10:30:21 PST"]
[Termination "RobertoJBM won on time"]

1. e4 c6 2. Nc3 d5 3. Nf3 dxe4 4.
Nxe4 Bg4 5. h3 Bxf3 6. Qxf3 Nd7 7. d4 Ndf6 8. c3 Nxe4 9. Qxe4 Nf6 10. Qd3 Qd5 11. c4 Qe4+ 12. Qxe4 Nxe4 13. Bd3 Nf6 14.
Be3 e6 15. O-O-O O-O-O 16. Be2 a6 17. Kc2 Be7 18. Bf3 Rd7 19. Kc3 Rhd8 20. a4 g6 21.
b4 Ne8 22. Rd3 Bf6 23. Rhd1 Nd6 24. g4 Ne8 25. Bf4 Nc7 26. a5 Ne8 27. Be5 h6 28.
Bg2 Bg7 29. Be4 f6 0-1

[Event "*** Titled Tuesday Blitz"]
[Site "Chess.com"]
[Date "2021.02.02"]
[Round "3"]
[White "LenkaPtacnikova"]
[Black "IceBelka"]
[Result "0-1"]
[WhiteElo "2106"]
[BlackElo "2343"]
[TimeControl "180+1"]
[EndTime "10:30:21 PST"]
[Termination "IceBelka won by resignation"]

1. c4 e6 2. Nf3 d5 3. e3 Nf6 4.
b3 Be7 5. Bb2 O-O 6. Be2 dxc4 7.
bxc4 b6 8. O-O Bb7 9. Nc3 c5 10. d4 cxd4 11. exd4 Nc6 12. Rc1 Rc8 13. a3 Na5 14. Ne5 Nd7 15. Nb5 a6 16. Na7 Ra8 17. d5 Nxe5 18. Bxe5 exd5 19. cxd5 Qxd5 20. Qxd5 Bxd5 21.
Rc7 Bd8 22. Rd7 Be6 23. Bf3 Bxd7 24. Bxa8 Bf6 25. Bc7 Rxa8 26. Bxb6 Nc4 27. Bc5 g6 28. Rd1 Be6 29. h3 Nxa3 30. Ra1 Bxa1 0-1

[Event "*** Titled Tuesday Blitz"]
[Site "Chess.com"]
[Date "2021.02.02"]
[Round "3"]
[White "ozates"]
[Black "Oleksandr_Bortnyk"]
[Result "0-1"]
[WhiteElo "2469"]
[BlackElo "2903"]
[TimeControl "180+1"]
[EndTime "10:30:22 PST"]
[Termination "Oleksandr_Bortnyk won by resignation"]

1. e4 Nf6 2. e5 Nd5 3. d4 d6 4. c4 Nb6 5. exd6 exd6 6. h3 Be7 7. Nf3 O-O 8. Bd3 Nc6 9. O-O Bf6 10. Be3 d5 11. c5 Nc4 12. Bc1 b6 13. b3 N4a5 14.
cxb6 axb6 15. Re1 h6 16. Be3 Nb4 17. Nc3 Nxb3 18. Qxb3 Nxd3 19. Red1 c5 20. Nxd5 c4 21. Nxf6+ Qxf6 22. Qc3 Bxh3 23. Rab1 Qg6 24. Nh4 Qg4 25. g3 Rfc8 26. Rxb6 Qxd1+ 27. Kh2 Be6 28. d5 Bxd5 29.
f3 Rxa2+ 30. Kh3 Bxf3 31. Nxf3 Qxf3 32. Bxh6 0-1

[Event "*** Titled Tuesday Blitz"]
[Site "Chess.com"]
[Date "2021.02.02"]
[Round "3"]
[White "Grieve72"]
[Black "Kostukov_Alex"]
[Result "1-0"]
[WhiteElo "2516"]
[BlackElo "2296"]
[TimeControl "180+1"]
[EndTime "10:30:22 PST"]
[Termination "Grieve72 won on time"]

1. e4 c5 2. Nf3 g6 3. d4 cxd4 4. Nxd4 Bg7 5. c4 Nc6 6. Be3 Nf6 7. Nc3 O-O 8. Be2 d6 9. f3 Bd7 10. Qd2 Nxd4 11. Bxd4 Bc6 12. h4 h5 13. O-O-O Qa5 14. Kb1 Rfc8 15. g4 hxg4 16. h5 Nxh5 17. Bxg7 Kxg7 18. fxg4 Rh8 19. gxh5 g5 20. Qe3 Qe5 21.
Rhf1 e6 22. Qd4 Rh6 23. Qxe5+ dxe5 24. b4 1-0

[Event "*** Titled Tuesday Blitz"]
[Site "Chess.com"]
[Date "2021.02.02"]
[Round "3"]
[White "FMalexhdez"]
[Black "shaheus"]
[Result "0-1"]
[WhiteElo "2208"]
[BlackElo "2408"]
[TimeControl "180+1"]
[EndTime "10:30:22 PST"]
[Termination "shaheus won by resignation"]

1. e4 c5 2. Nf3 Nc6 3. d4 cxd4 4. Nxd4 Nf6 5. Nc3 d6 6. Be2 e6 7. O-O Be7 8. a4 O-O 9. Nb3 a6 10. Be3 b6 11. f4 Bb7 12. Bf3 Qc7 13. Qe2 Rfd8 14. g4 Nd7 15. g5 Nc5 16. Bg2 Rac8 17. Rf3 Nb4 18. Rh3 g6 19. Nxc5 bxc5 20. f5 d5 21. f6 Bd6 22. Qf2 d4 23. Qh4 h5 24.
gxh6 Kh7 25. Nd1 Nxc2 26. Rc1 Nxe3 27. Nxe3 dxe3 28. e5 Bxe5 29. Bxb7 Qxb7 0-1

[Event "*** Titled Tuesday Blitz"]
[Site "Chess.com"]
[Date "2021.02.02"]
[Round "3"]
[White "oogee"]
[Black "ElCoachRene"]
[Result "0-1"]
[WhiteElo "2345"]
[BlackElo "2210"]
[TimeControl "180+1"]
[EndTime "10:30:22 PST"]
[Termination "ElCoachRene won on time"]

1. d4 Nf6 2. c4 g6 3. Nc3 d5 4. Bd2 Bg7 5. cxd5 Nxd5 6. e4 Nb6 7. Be3 Nc6 8. Bb5 O-O 9. Nge2 Bd7 10. Bxc6 Bxc6 11. Qb3 e6 12. h4 h5 13. g4 hxg4 14.
O-O-O a5 15. Rdg1 a4 16. Qb4 Re8 17. d5 exd5 18. exd5 Nxd5 19. Nxd5 Bxd5 20. Qxg4 Bxa2 21. h5 Qd3 22. hxg6 Qb1+ 23. Kd2 Qxb2+ 24. Ke1 Qb1+ 25. Nc1 Qxc1+ 26. Ke2 Qc2+ 27. Kf1 Bc4+ 28. Kg2 Rxe3 0-1

[Event "*** Titled Tuesday Blitz"]
[Site "Chess.com"]
[Date "2021.02.02"]
[Round "3"]
[White "Annawel"]
[Black "tsvet2005"]
[Result "1-0"]
[WhiteElo "2931"]
[BlackElo "2686"]
[TimeControl "180+1"]
[EndTime "10:30:23 PST"]
[Termination "Annawel won by resignation"]

1. f4 Nh6 2. Nf3 d5 3. g3 g6 4. Bg2 Bg7 5. O-O O-O 6. d3 d4 7.
Na3 c5 8. Nc4 Nc6 9. e4 dxe3 10.
Bxe3 Ng4 11. Bxc5 b6 12. Bf2 Nxf2 13. Rxf2 Bb7 14. c3 Qc7 15. Qe2 Rad8 16. d4 Ba6 17. b3 Na5 18. Bf1 Rc8 19. Nfd2 b5 20. Nxa5 Qxc3 21. Re1 Bxd4 22. b4 Bxf2+ 23. Qxf2 Qxb4 24.
Nab3 Rfd8 25. Qxa7 Rxd2 26. Nxd2 Qxd2 27. Qxa6 Rc2 28.
Qa8+ Kg7 29. Re2 Qd4+ 30. Kg2 Rc1 31. Qf3 b4 32. Qe3 Qd1 33. Rf2 Qd5+ 34. Kg1 Rc7 35. Qe5+ Qxe5 36. fxe5 Rc5 37. Rb2 Ra5 38. Bc4 Rxe5 39.
Rxb4 Re4 40. a4 1-0

[Event "*** Titled Tuesday Blitz"]
[Site "Chess.com"]
[Date "2021.02.02"]
[Round "3"]
[White "Blitzking642"]
[Black "fridaywins"]
[Result "0-1"]
[WhiteElo "2464"]
[BlackElo "2163"]
[TimeControl "180+1"]
[EndTime "10:30:23 PST"]
[Termination "fridaywins won by checkmate"]

1. e4 e5 2. Nf3 Nc6 3. d4 exd4 4.
Nxd4 Nf6 5. Nxc6 bxc6 6. Qe2 d5 7. exd5+ Be7 8. dxc6 O-O 9. Be3 Ng4 10. Nd2 Nxe3 11. Qxe3 Bg5 12. Qd3 Re8+ 13. Be2 Bg4 14. Ne4 Bxe2 15.
Qxe2 f5 16. O-O Rxe4 17. Qf3 Qf6 18. Qb3+ Qf7 19. Qb7 Rd8 20. Rad1 Rxd1 21. Rxd1 h5 22. Qxa7 h4 23. h3 Qe7 24. Qa5 Re5 25. Qc3 Bf6 26.
Qc4+ Kh7 27. Rd7 Re1+ 28. Kh2 Qe5+ 29. f4 Qe3 30. Rd3 Qg1# 0-1

[Event "*** Titled Tuesday Blitz"]
[Site "Chess.com"]
[Date "2021.02.02"]
[Round "3"]
[White "PotapovaM"]
[Black "Paralinch"]
[Result "0-1"]
[WhiteElo "2643"]
[BlackElo "2891"]
[TimeControl "180+1"]
[EndTime "10:30:24 PST"]
[Termination "Paralinch won by checkmate"]

1. d4 d5 2. c4 c6 3. Nf3 Nf6 4. g3 Bf5 5. Nc3 e6 6. Nh4 dxc4 7. Nxf5 exf5 8. e3 Nbd7 9. Bxc4 Nb6 10. Be2 Qd7 11.
O-O h5 12. Bf3 h4 13. Re1 hxg3 14. hxg3 Bb4 15. Qb3 Ba5 16. Bd2 Ne4 17. Rad1 Bxc3 18. Bxc3 Nd5 19. Qc2 Qe6 20. Kg2 O-O-O 21. Rh1 g5 22.
Ba5 Rdg8 23. a3 g4 24. Be2 Nxf2 25. Kxf2 Nxe3 26. Qd3 f4 27. d5 fxg3+ 28. Kxg3 Qe5+ 29. Kf2 Qf4+ 30. Ke1 Ng2# 0-1

[Event "*** Titled Tuesday Blitz"]
[Site "Chess.com"]
[Date "2021.02.02"]
[Round "3"]
[White "HristosBanikas"]
[Black "Aygehovit1992"]
[Result "1-0"]
[WhiteElo "2881"]
[BlackElo "2630"]
[TimeControl "180+1"]
[EndTime "10:30:27 PST"]
[Termination "HristosBanikas won on time"]

1. d4 Nf6 2. c4 g6 3. Nc3 d5 4. cxd5 Nxd5 5. e4 Nxc3 6. bxc3 Bg7 7. Qa4+ Qd7 8. Qa3 b6 9. Nf3 c5 10. Be3 O-O 11. Rd1 Qg4 12. e5 Bb7 13. h3 Qc8 14. Be2 Nc6 15. O-O e6 16. Nd2 cxd4 17. cxd4 Na5 18.
Rc1 Qd7 19. f3 Nc6 20. Bb5 a6 21. Bxc6 Bxc6 22. Ne4 Bxe4 23. fxe4 Rfc8 24. Qd6 Qb5 25. Qe7 Rf8 26. Rc7 Qd3 27. Rxf7 Qxe3+ 28. Kh1 Qe1+ 29. Kh2 Bxe5+ 30. dxe5 1-0

[Event "*** Titled Tuesday Blitz"]
[Site "Chess.com"]
[Date "2021.02.02"]
[Round "3"]
[White "Aikiigm"]
[Black "Vusatiuk_Vladimir"]
[Result "1-0"]
[WhiteElo "2588"]
[BlackElo "2398"]
[TimeControl "180+1"]
[EndTime "10:30:27 PST"]
[Termination "Aikiigm won by checkmate"]

1. g3 Nf6 2. Bg2 g6 3. d4 Bg7 4. c4 O-O 5. Nf3 c5 6. O-O cxd4 7. Nxd4 Nc6 8. Nc3 a6 9. Nc2 d6 10. b3 Qc7 11. Bb2 Be6 12. Rc1 Rac8 13. Nd5 Bxd5 14. cxd5 Nb8 15. Ne3 Qa5 16. a3 Nbd7 17. Nc4 Qd8 18.
b4 b6 19. Bd4 Ne8 20. Bxg7 Nxg7 21. Qd4 Nf5 22. Qd3 h5 23. e4 Ng7 24. Qd4 Rxc4 25. Rxc4 Ne5 26. Rc3 b5 27. Rfc1 Nc4 28. Bf1 Ne5 29. f4 Nd7 30. Qa7 Nb8 31. Qb7 Qd7 32.
Qxd7 Nxd7 33. Rc8 Ne8 34. R1c6 Nef6 35. Rxf8+ Kxf8 36. Bd3 Ke8 37. Rc8# 1-0

[Event "*** Titled Tuesday Blitz"]
[Site "Chess.com"]
[Date "2021.02.02"]
[Round "3"]
[White "DenisQ"]
[Black "GOGIEFF"]
[Result "1/2-1/2"]
[WhiteElo "2672"]
[BlackElo "2907"]
[TimeControl "180+1"]
[EndTime "10:30:28 PST"]
[Termination "Game drawn by agreement"]

1. Nf3 Nf6 2. c4 g6 3. Nc3 Bg7 4. g3 O-O 5. Bg2 Nc6 6. O-O a6 7. d3 Rb8 8. Rb1 b5 9. cxb5 axb5 10. b4 e6 11. a4 bxa4 12. b5 Ne7 13. Qxa4 Bb7 14.
Bd2 Ra8 15. Qc2 c5 16. bxc6 Bxc6 17. Rfc1 Rc8 18. Qa2 Ra8 19. Qb3 Rb8 20. Qxb8 Qxb8 21. Rxb8 Rxb8 22. Rb1 Rxb1+ 23. Nxb1 Nf5 24. Nc3 d5 25. d4 Bb7 26. e3 Nd6 27. Ne5 Ba6 28.
Bf1 Bxf1 29. Kxf1 Nfe4 30. Nxe4 dxe4 31. Nc6 f5 32. Ke2 Bf6 33. Bb4 Nc4 34. Be7 Bg7 35. Bc5 Bf6 36. h3 Kf7 37. g4 fxg4 38. hxg4 h5 39. gxh5 gxh5 40. f3 exf3+ 41. Kxf3 Nd2+ 42. Ke2 Ne4 43. Kf3 Ng5+ 44. Kf4 Kg6 45. Ne7+ Bxe7 46.
Bxe7 Nf7 47. e4 Nh6 1/2-1/2

[Event "*** Titled Tuesday Blitz"]
[Site "Chess.com"]
[Date "2021.02.02"]
[Round "3"]
[White "mamonika"]
[Black "Gerryisplaying"]
[Result "0-1"]
[WhiteElo "2028"]
[BlackElo "2313"]
[TimeControl "180+1"]
[EndTime "10:30:29 PST"]
[Termination "Gerryisplaying won by resignation"]

1. e4 d5 2. exd5 Qxd5 3. Nc3 Qa5 4. d4 Nf6 5. Bd2 Bg4 6. Nf3 Qf5 7. Be2 Nc6 8. h3 Bxf3 9. Bxf3 e6 10. Be3 Bb4 11.
O-O O-O 12. Ne2 Rfd8 13. c3 Bd6 14. Qb3 Rab8 15. Rad1 Nd5 16. c4 Nf4 17. Nxf4 Bxf4 18. Bg4 Qg5 19. Rfe1 h5 20. Bf3 Ne7 21. d5 exd5 22. Bxf4 Qxf4 23. Rxe7 dxc4 24. Qc2 b5 25. Rxc7 Qxc7 0-1

[Event "*** Titled Tuesday Blitz"]
[Site "Chess.com"]
[Date "2021.02.02"]
[Round "3"]
[White "ChessQueen"]
[Black "FedaMaster"]
[Result "0-1"]
[WhiteElo "2711"]
[BlackElo "2528"]
[TimeControl "180+1"]
[EndTime "10:30:31 PST"]
[Termination "FedaMaster won by resignation"]

1. e4 d5 2. exd5 Qxd5 3. Nc3 Qd6 4. d4 Nf6 5. Nf3 Bg4 6. Be2 Nc6 7. h3 Bh5 8. g4 Bg6 9. a3 O-O-O 10. Be3 Ne4 11. Nb5 Qd7 12. c4 a6 13. Nc3 e6 14.
O-O h5 15. g5 e5 16. d5 Qxh3 17. Nh2 Nd4 18. f3 Nf5 19. Bf2 Nxf2 20. Rxf2 Bc5 21. Ne4 Bd4 22. Qf1 Qh4 23. Kh1 Bxf2 24. Qxf2 Qxf2 25.
Nxf2 Ng3+ 26. Kg2 Nxe2 0-1

[Event "*** Titled Tuesday Blitz"]
[Site "Chess.com"]
[Date "2021.02.02"]
[Round "3"]
[White "hleol"]
[Black "DonPreuss"]
[Result "1-0"]
[WhiteElo "2407"]
[BlackElo "2207"]
[TimeControl "180+1"]
[EndTime "10:30:31 PST"]
[Termination "hleol won by resignation"]

1. d4 Nf6 2. Bg5 Ne4 3. Bf4 d5 4. f3 Nf6 5. Nc3 e6 6. a3 Bd6 7. Bxd6 Qxd6 8. e3 O-O 9. Bd3 a6 10. Nge2 c5 11. dxc5 Qxc5 12. Qd2 Nc6 13. O-O-O b5 14.
Nd4 b4 15. Nxc6 Qxc6 16. axb4 Bd7 17. g4 Rfb8 18. g5 Ne8 19. h4 Rxb4 20. Nxd5 Ra4 21. Nc3 Ra1+ 22. Nb1 Qa4 23. h5 Qa2 24. c3 Bc6 25. e4 Ba4 26. Rdg1 Rb8 27. g6 f6 28. gxh7+ Kh8 29. e5 f5 30. h6 Rd8 31. hxg7+ Nxg7 32. Rxg7 Rxb1+ 33. Bxb1 1-0

[Event "*** Titled Tuesday Blitz"]
[Site "Chess.com"]
[Date "2021.02.02"]
[Round "3"]
[White "ViktoriyaTarasova"]
[Black "petrkostenko"]
[Result "0-1"]
[WhiteElo "2291"]
[BlackElo "2460"]
[TimeControl "180+1"]
[EndTime "10:30:32 PST"]
[Termination "petrkostenko won by checkmate"]

1. d4 e6 2. c4 b6 3. e4 Bb4+ 4. Nc3 Bb7 5. f3 Qh4+ 6. g3 Qe7 7. Bd3 c5 8. d5 exd5 9. cxd5 Bxd5 10. Ne2 Bc6 11. O-O Nf6 12. a3 Bxc3 13. Nxc3 O-O 14. Bg5 h6 15. Bf4 d6 16. Bc4 Rd8 17. Nd5 Nxd5 18.
exd5 Bb7 19. Re1 Qf6 20. Qe2 Nd7 21. Kg2 a6 22. a4 b5 23. axb5 axb5 24. Bxb5 Rxa1 25.
Rxa1 g5 26. Bxd7 Bxd5 27. Bd2 Rxd7 28. Bc3 Qe6 29. Qd2 Re7 30. Kf2 Qf5 31. f4 Qe4 32. Kf1 Qh1+ 33. Kf2 Qg2# 0-1

[Event "*** Titled Tuesday Blitz"]
[Site "Chess.com"]
[Date "2021.02.02"]
[Round "3"]
[White "BairaKovanova"]
[Black "TimKett"]
[Result "1-0"]
[WhiteElo "2490"]
[BlackElo "2185"]
[TimeControl "180+1"]
[EndTime "10:30:33 PST"]
[Termination "BairaKovanova won by checkmate"]

1. e4 e5 2. Nf3 Nc6 3. Bb5 a6 4. Ba4 f5 5. d4 fxe4 6. Nxe5 Nf6 7. O-O Bd6 8. Bf4 Qe7 9. Nxc6 bxc6 10. Bxd6 cxd6 11.
c4 O-O 12. Nc3 d5 13. cxd5 cxd5 14. Bb3 Bb7 15. Qe2 Kh8 16. Rac1 Rae8 17. Na4 Bc6 18. Qxa6 e3 19. Qe2 Bxa4 20. Bxa4 exf2+ 21. Qxf2 Ne4 22. Qe3 Qb4 23. Bxd7 Rd8 24. Bf5 Nd2 25. Rf2 Qxb2 26. Rd1 Rde8 27. Qh3 Ne4 28. Qxh7# 1-0

[Event "*** Titled Tuesday Blitz"]
[Site "Chess.com"]
[Date "2021.02.02"]
[Round "3"]
[White "ural58"]
[Black "BikingBrian"]
[Result "1-0"]
[WhiteElo "2471"]
[BlackElo "2318"]
[TimeControl "180+1"]
[EndTime "10:30:33 PST"]
[Termination "ural58 won by resignation"]

1. e4 c5 2. b3 g6 3. Bb2 Nf6 4. e5 Nd5 5. Nc3 Nxc3 6. dxc3 Bg7 7. Qd5 O-O 8. O-O-O a5 9. a4 Na6 10. Bxa6 Rxa6 11. Qxc5 d6 12. exd6 exd6 13. Qd5 Be6 14. Qd3 Qc7 15. Ne2 Rc6 16. Nd4 Bxd4 17. Qxd4 f6 18.
Rhe1 Re8 19. f3 Qf7 20. h4 d5 21. g4 Rec8 22. Re3 Rc5 23. Rde1 R8c6 24. Kb1 b5 25.
Rxe6 Rxe6 26. Rxe6 Qxe6 27. Qxc5 bxa4 28. bxa4 Qd7 29. Qb5 Qd6 30. Qxa5 h5 31. gxh5 gxh5 32. Qb4 Qg3 33. a5 Qxf3 34. Ka2 f5 35. a6 Qf1 36. Qb8+ Kh7 37. Qc7+ Kg6 38. a7 Qa6+ 39. Ba3 f4 40. Qd6+ Qxd6 41. Bxd6 1-0

[Event "*** Titled Tuesday Blitz"]
[Site "Chess.com"]
[Date "2021.02.02"]
[Round "3"]
[White "barbara25"]
[Black "GCamachoMartinez"]
[Result "0-1"]
[WhiteElo "2252"]
[BlackElo "2429"]
[TimeControl "180+1"]
[EndTime "10:30:33 PST"]
[Termination "GCamachoMartinez won by resignation"]

1. e4 c5 2. Nf3 d6 3. d4 cxd4 4. Nxd4 Nf6 5. Nc3 g6 6. Be3 Bg7 7. Qd2 Nc6 8. O-O-O Ng4 9. Nxc6 bxc6 10. Bg5 Qa5 11.
Bc4 Be6 12. Bb3 Nxf2 13. Qxf2 Qxg5+ 14. Kb1 Bxb3 15. cxb3 O-O 16. h4 Qe5 17. Qc2 a5 18. g4 Rfb8 19. Rh3 Rb5 20. Nxb5 cxb5 21. h5 Qe6 22. hxg6 hxg6 23. Rdh1 Rc8 24. Qh2 Qxe4+ 25. Ka1 f5 26. gxf5 gxf5 27. Rg1 Rc2 28. Qg3 Qd4 29. Rb1 Rxb2 0-1

[Event "*** Titled Tuesday Blitz"]
[Site "Chess.com"]
[Date "2021.02.02"]
[Round "3"]
[White "realmadridtv"]
[Black "LamaChampetre"]
[Result "1-0"]
[WhiteElo "2406"]
[BlackElo "2206"]
[TimeControl "180+1"]
[EndTime "10:30:33 PST"]
[Termination "realmadridtv won by checkmate"]

1. e4 c5 2. Nf3 g6 3. c4 Nc6 4. d4 cxd4 5. Nxd4 Nf6 6. Nc3 d6 7. Be2 Nxd4 8. Qxd4 Bg7 9. O-O O-O 10. Qd3 Qa5 11. Kh1 Be6 12. Bd2 Rfc8 13. b3 a6 14. f4 Bg4 15. f5 Bxe2 16. Qxe2 Qe5 17. a4 h5 18. Rae1 Ng4 19. g3 Qd4 20. Nd5 b5 21. Nxe7+ Kh7 22. fxg6+ fxg6 23. Nxc8 Rxc8 24. axb5 axb5 25.
cxb5 Rc2 26. Rd1 Qb2 27. Rf7 Qxb3 28. Qf3 Qe6 29. Qf4 Ne5 30. Qh6+ Kg8 31. Qxg7# 1-0